Map: Prion Terraces

Players

IIIIIIIIIIII (TeebuL)

  • Race: Zerg Zerg
  • League: Grandmaster

Miszu - Winner!

  • Race: Terran Terran
  • League: Master

VOD

Have the link to the VOD?

Description

Time

  • Played on: March 14, 2016, 4:39 p.m.
  • Length: 10:44
Show
View Real Time Build Order
Export as new Build Order

IIIIIIIIIIII Zerg 

Build Orders: Pool First, Muta Ling Bane 

Get SALT Encoding   

  12  0:18  Spawning Pool  
  11  0:25  Drone  
  11  0:27  Drone  
  13  0:36  Overlord  
  13  0:43  Drone  
  14  1:05  Zergling x2  
  14  1:06  Zergling x2  
  14  1:09  Zergling x2  
  17  1:21  Queen  
  17  1:23  Zergling x2  
  20  1:30  Hatchery  
  19  1:35  Drone  
  20  1:42  Drone  
  21  1:52  Drone  
  22  2:11  Hatchery  
  20  2:26  Drone x2  
  21  2:34  Extractor, Queen  
  21  2:35  Extractor  
  23  2:37  Overlord  
  23  2:40  Overlord  
  23  2:44  Drone  
  22  2:47  Extractor  
  21  2:53  Drone  
  21  2:58  Queen  
  24  3:10  Roach Warren  
  22  3:32  Drone  
  22  3:33  Drone x2  
  25  3:43  Drone  
  25  3:44  Drone  
  25  3:45  Drone x2  
  29  3:53  Roach x3  
  31  4:06  Roach x2  
  31  4:08  Drone  
  31  4:09  Drone  
  37  4:12  Drone  
  38  4:20  Drone x2  
  40  4:24  Drone x2  
  40  4:26  Drone  
  40  4:28  Drone  
  45  4:31  Drone  
  45  4:38  Drone x2  
  46  4:39  Drone x2  
  46  4:45  Ravager  
  50  4:47  Overlord  
  50  4:49  Overlord  
  50  4:57  Extractor  
  48  5:03  Drone  
  48  5:04  Drone x3  
  50  5:08  Lair  
  50  5:09  Extractor  
  50  5:10  Extractor  
  33  5:22  Drone x2  
  33  5:23  Drone x6  
  33  5:28  Drone x2  
  43  5:32  Drone  
  43  5:33  Drone  
  45  5:37  Drone  
  45  5:40  Metabolic Boost  
  45  5:42  Drone  
  47  5:46  Drone x2  
  49  5:52  Drone  
  49  5:53  Drone  
  49  5:54  Baneling Nest  
  49  5:55  Drone  
  49  5:56  Drone  
  52  5:57  Zergling x2  
  53  6:10  Spire, Drone  
  53  6:11  Drone x3  
  56  6:22  Zergling x8  
  56  6:23  Zergling x2  
  56  6:24  Drone x5  
  62  6:33  Drone  
  62  6:35  Drone x4  
  65  6:47  Centrifical Hooks  
  64  6:55  Overlord x3  
  64  7:02  Spore Crawler  
  60  7:21  Mutalisk  
  60  7:22  Mutalisk x5  
  71  7:24  Mutalisk  
  71  7:25  Drone  
  71  7:26  Drone x5  
  71  7:28  Drone  
  79  7:31  Extractor  
  79  7:32  Extractor  
  77  7:39  Hatchery, Evolution Chamber  
  77  7:40  Evolution Chamber  
  71  7:47  Mutalisk  
  71  7:48  Mutalisk  
  75  7:52  Zergling x2  
  75  7:53  Zergling x18  
  85  8:00  Spore Crawler  
  85  8:01  Drone x2  
  86  8:09  Zerg Ground Armor Level 1  
  86  8:12  Zerg Melee Weapons Level 1  
  86  8:15  Baneling  
  86  8:16  Zergling x2, Baneling x4  
  86  8:17  Zergling x6  
  90  8:24  Overlord x3  
  90  8:29  Baneling  
  90  8:30  Baneling x11  
  90  8:33  Overlord  
  90  8:34  Overlord  
  90  8:48  Drone  
  90  8:52  Drone  
  78  8:59  Zergling x10  
  78  9:00  Zergling x14  
  87  9:15  Zergling x18  
  96  9:20  Infestation Pit  
  96  9:21  Baneling  
  96  9:22  Baneling x18  
  96  9:23  Baneling x3  
  95  9:25  Drone  
  95  9:26  Drone  
  95  9:27  Drone  
  98  9:31  Drone x3  
  98  9:37  Drone  
  98  9:38  Drone x2  
  104  9:40  Drone x2  
  106  9:46  Zergling x2  
  106  9:47  Zergling x8  
  106  9:49  Baneling  
  106  9:50  Baneling x2  
  92  10:04  Zergling x2  
  92  10:05  Zergling x24  
  93  10:08  Baneling x5  
  93  10:09  Baneling x4  
  93  10:16  Zergling x12  
  99  10:23  Baneling  
  99  10:24  Baneling x16  
Show
View Real Time Build Order
Export as new Build Order

Miszu Terran - Winner!

Build Orders:  

Get SALT Encoding   

  12  0:01  SCV  
  13  0:13  SCV  
  14  0:18  Supply Depot  
  14  0:25  SCV  
  15  0:39  SCV  
  16  0:47  Barracks  
  16  0:49  Refinery  
  16  0:51  SCV  
  17  1:04  SCV  
  18  1:16  SCV  
  20  1:34  Reaper, Orbital Command  
  20  1:40  Command Center  
  20  1:47  Supply Depot  
  20  1:59  SCV  
  21  2:07  Reaper  
  22  2:12  SCV  
  21  2:24  SCV  
  22  2:30  Supply Depot  
  22  2:36  SCV  
  23  2:49  SCV  
  23  2:50  Command Center  
  24  2:52  Factory, Refinery  
  24  2:59  Barracks Reactor  
  24  3:01  SCV  
  25  3:13  SCV  
  26  3:25  SCV  
  27  3:37  Marine, SCV  
  27  3:38  Starport, Marine, Factory Tech Lab  
  30  3:49  SCV  
  30  3:51  Command Center  
  31  4:01  SCV  
  32  4:02  Marine  
  32  4:03  Marine  
  32  4:04  Siege Tank  
  32  4:09  Orbital Command  
  37  4:18  Medivac  
  37  4:24  SCV  
  40  4:32  Bunker  
  40  4:35  SCV  
  40  4:36  SCV  
  42  4:42  Marine  
  43  4:46  Siege Tank  
  43  4:47  SCV  
  43  4:48  SCV  
  48  4:54  Supply Depot  
  48  4:59  SCV  
  49  5:00  SCV  
  49  5:06  Liberator  
  50  5:07  Orbital Command  
  50  5:10  Marine x2  
  50  5:11  SCV  
  53  5:20  SCV  
  52  5:26  SCV  
  52  5:27  Marine  
  52  5:28  Marine, Barracks x2  
  58  5:32  SCV  
  58  5:34  Refinery  
  60  5:36  Refinery  
  60  5:40  Supply Depot, SCV  
  60  5:44  Orbital Command  
  60  5:45  Marine  
  61  5:53  SCV x2  
  61  5:56  Barracks  
  63  5:58  Barracks  
  63  6:00  Engineering Bay  
  63  6:02  Engineering Bay  
  63  6:03  Marine x2  
  65  6:05  SCV  
  65  6:10  Barracks  
  65  6:11  Barracks  
  66  6:12  Barracks  
  68  6:19  Starport Reactor  
  68  6:28  Marine x2  
  68  6:30  Barracks Tech Lab  
  68  6:31  Barracks Tech Lab  
  68  6:33  SCV  
  68  6:38  SCV  
  68  6:39  Terran Infantry Weapons Level 1, Terran Infantry Armor Level 1  
  70  6:41  SCV  
  70  6:43  Siege Tank  
  70  6:44  Barracks Reactor x2  
  70  6:46  Marine x2  
  76  6:50  Marine x2  
  80  7:05  Marine  
  80  7:06  Marine  
  80  7:07  Barracks Reactor x3  
  80  7:08  Marine  
  80  7:09  Medivac x2  
  80  7:12  Bunker  
  80  7:14  Supply Depot  
  85  7:16  Supply Depot  
  85  7:17  Siege Tank, SCV x2  
  91  7:26  Marine  
  91  7:27  Supply Depot  
  91  7:28  Supply Depot  
  93  7:30  Supply Depot  
  93  7:31  Combat Shields  
  93  7:32  Stimpack  
  93  7:35  Missile Turret  
  91  7:39  Marine  
  91  7:40  Supply Depot, Marine x3, Missile Turret  
  91  7:42  Marine x2  
  97  7:49  Marine x3  
  100  7:52  Marine  
  100  7:53  Marine  
  100  7:54  Medivac x2  
  103  8:00  Refinery, Marine  
  103  8:01  Marine x2  
  103  8:02  Refinery, Marine  
  103  8:03  Marine  
  108  8:10  Marine x4, Armory  
  112  8:18  SCV x3  
  115  8:23  Marine x2  
  115  8:24  Marine x5  
  122  8:27  Medivac  
  122  8:30  Medivac, SCV x2  
  122  8:34  Siege Tank  
  131  8:38  Marine x3  
  131  8:39  Marine  
  135  8:44  Marine x3  
  135  8:47  Marine  
  135  8:48  Marine x2  
  131  9:00  Marine x2  
  131  9:01  Marine  
  131  9:02  Bunker  
  126  9:14  Missile Turret  
  126  9:16  Bunker  
  126  9:19  SCV x3  
  128  9:25  Supply Depot  
  128  9:26  Supply Depot  
  128  9:31  SCV x2  
  129  9:36  Marine  
  129  9:38  Marine, SCV  
  132  9:39  Marine x4  
  137  9:49  Marine  
  137  9:50  Marine x2, Medivac x2, Siege Tank  
  139  10:03  Marine  
  139  10:04  Marine x7  
  149  10:13  Marine x2  
  149  10:14  Marine  
  152  10:19  Supply Depot  
  152  10:21  Supply Depot  
  153  10:24  Marine  
  153  10:27  Command Center  
Tags
 
Add a new tag
Caveats
  • Supply blocks, unpowered buildings, or Contaminate may cause inaccurate times.
  • Supply counts are checked every 10 seconds.